 Dungeon Crawl Stone Soup version 0.26.1-11-gd32895ea62 (webtiles) character file.

Game seed: 9688180763740676370

176 Descartes the Scratcher (level 5, -5/22 HPs)
             Began as a Felid Transmuter on June 30, 2021.
             Slain by a phantom (9 damage)
             ... on level 4 of the Dungeon.
             The game lasted 00:06:17 (5180 turns).

Descartes the Scratcher (Felid Transmuter)          Turns: 5180, Time: 00:06:18

Health: -5/22      AC:  1    Str:  7    XL:     5   Next: 30%
Magic:  9/9        EV: 20    Int: 15    God:
Gold:   310        SH:  0    Dex: 16    Spells: 5/8 levels left
                                        Lives:  0   Deaths: 1

rFire    . . .     SeeInvis +     - Unarmed
rCold    . . .     Faith    .   (shield unavailable)
rNeg     . . .     Spirit   .   (armour unavailable)
rPois    .         Reflect  .   (helmet unavailable)
rElec    .         Harm     .   (cloak unavailable)
rCorr    .         Rampage  .   (gloves unavailable)
Will     .....                  (boots unavailable)
Stlth    ++........             (no amulet)
HPRegen  0.07/turn              (no ring)
MPRegen  0.11/turn              (no ring)

@: quick
A: very small, no armour, no weapons or thrown items, stealth, claws 1, fangs 3,
see invisible, speed 1, shaggy fur 1, sharp paws
a: no special abilities


You were on level 4 of the Dungeon.
You visited 1 branch of the dungeon, and saw 4 of its levels.

You collected 310 gold pieces.

Inventory:

Missiles
 j - 113 stones
Jewellery
 f - a +6 ring of dexterity {unknown}
 o - an uncursed ring of magical power {unknown}
 q - a cursed ring of attention {unknown}
Wands
 p - a wand of digging (5)
Scrolls
 a - 3 scrolls of remove curse {unknown}
 d - 4 scrolls of identify {unknown}
 h - 3 scrolls of fear {unknown}
 k - 2 scrolls of magic mapping {unknown}
 n - a scroll of amnesia {unknown}
Potions
 b - a potion of flight {unknown}
 c - 2 potions of might {unknown}
 e - 2 potions of magic {unknown}
 g - a potion of cancellation {unknown}
 i - 2 potions of heal wounds {unknown}
 l - a potion of curing
 m - a potion of invisibility {unknown}
 r - a potion of lignification {unknown}
 s - a potion of ambrosia {unknown}


   Skills:
 - Level 1.0 Fighting
 + Level 5.1 Dodging
 - Level 6.0 Unarmed Combat
 - Level 2.0 Spellcasting
 - Level 2.1 Transmutations


You had 5 spell levels left.
You knew the following spells:

 Your Spells              Type           Power        Failure   Level
a - Beastly Appendage     Tmut           16%          9%          1
b - Wereblood             Tmut           8%           14%         2

Your spell library contained the following spells:

 Spells                   Type           Power        Failure   Level
 Spider Form              Tmut/Pois      2%           38%         3
 Ice Form                 Ice/Tmut       4%           80%         4
 Blade Hands              Tmut           4%           94%         5


Dungeon Overview and Level Annotations

Branches:
Dungeon (4/15)
 Temple: D:4-7

Altars:


Innate Abilities, Weirdness & Mutations

You cannot wear armour.
You are incapable of wielding weapons or throwing items.
Your paws allow you to move quietly. (Stealth)
You have sharp claws.
You have razor-sharp teeth.
You have supernaturally acute eyesight. (SInv)
You cover ground quickly.
You are covered in fur. (AC +1)
Your sharp claws are effective at attacking unaware monsters.


Message History

You scratch the phantom.
The phantom is heavily damaged.
The phantom blinks!
The phantom barely misses you.
You scratch the phantom.
The phantom is heavily damaged.
The phantom closely misses you.
You scratch the phantom.
The phantom is severely damaged.
The phantom closely misses you.
You barely miss the phantom.
The phantom is severely damaged.
The phantom hits you.
The phantom blinks!
The phantom hits you!
* * * LOW HITPOINT WARNING * * *
You closely miss the phantom.
The phantom is heavily damaged.
Your horns disappear.
The phantom hits you!
You die...

......#####...............#......
...### #...............#.##......
## ##..8.............###.....
#...............## ##...<
#...............# #####
##....<.........#
#..............# #....(..W.....##
####### ##.....@......# #......
##....<.......## ##......
#...........#.# ##.......
...............#.####........
...........######.###.........
....###...## #.............. ...#
##### #..............
....###..#######..............
#..#..)))..##...............


You could see a phantom.

Vanquished Creatures
  A scorpion (D:4)
  An orc priest (D:3)
  A hound (D:4)
  Jessica (D:3)
  A worker ant (D:4)
  A howler monkey skeleton (D:2)
  3 adders
  An adder zombie (D:2)
  An adder skeleton (D:2)
  A dart slug (D:2)
  3 leopard geckos
  5 orcs
  13 bats
  2 giant cockroaches
  11 goblins
  7 hobgoblins
  4 jackals (D:4)
  9 kobolds
  A quokka (D:2)
  3 frilled lizards
  A jackal skeleton (D:2)
  A leopard gecko skeleton (D:2)
  A quokka skeleton (D:4)
  5 rats
78 creatures vanquished.

Notes
Turn   | Place    | Note
-------+----------+-------------------------------------------
     0 | D:1      | Descartes the Felid Transmuter began the quest for the Orb.
     0 | D:1      | Reached XP level 1. HP: 9/9 MP: 4/4
   194 | D:1      | Reached XP level 2. HP: 12/12 MP: 6/6
   609 | D:1      | Reached skill level 4 in Unarmed Combat
   917 | D:2      | Reached XP level 3. HP: 8/15 MP: 7/7
  1771 | D:2      | Reached XP level 4. HP: 11/19 MP: 8/8
  2020 | D:2      | Reached skill level 5 in Unarmed Combat
  2897 | D:3      | Noticed Jessica
  2910 | D:3      | Killed Jessica
  2939 | D:3      | Reached skill level 6 in Unarmed Combat
  2939 | D:3      | Reached XP level 5. HP: 11/22 MP: 7/9
  3771 | D:4      | Noticed a phantom
  3775 | D:4      | Slain by a howler monkey
  3776 | D:4      | Reached XP level 4. HP: 0/19 MP: 8/8
  3833 | D:4      | Learned a level 2 spell: Wereblood
  4323 | D:4      | Reached skill level 5 in Dodging
  4323 | D:4      | Reached XP level 5. HP: 8/22 MP: 6/9
  5180 | D:4      | Slain by a phantom

Illustrated notes

Levels and vault maps discovered:
D:1:      co_arrival_random_square_maze, layout_loops_ring, st_stairs_6,
          chequers_serial_rivers_small_3
D:2:      layout_basic, serial_undead, serial_undead_c, serial_undead_f,
          serial_undead_e, serial_undead_d
D:3:      layout_basic, hangedman_feature_mirror, uniq_jessica
D:4:      cheibrodos_greedy_goblins, layout_cave_pods,
          minmay_temple_entry_from_below_b, serial_column_ruins,
          column_ruins_grid_1, column_ruins_open_large,
          column_ruins_columns_corner, column_ruins_corridor_corner,
          column_ruins_corridor_straight, column_ruins_open_small,
          minmay_fountain_box, uniq_ijyb

Skill      XL: |  1  2  3  4  5 |
---------------+----------------+-----
Unarmed Combat | 4 6 |  6.0
Dodging        | 5 4 |  5.1
Fighting       | |  1.0
Spellcasting   | |  2.0
Transmutations | |  2.1

Action                   |  1- 3 |  4- 6 || total
-------------------------+-------+-------++-------
Melee: Unarmed           |   112 |   186 ||   298
       Bite              |    10 |    14 ||    24
       Punch             |     1 |     4 ||     5
       Headbutt          |       |    22 ||    22
 Cast: Beastly Appendage |       |    35 ||    35
       Wereblood         |       |     4 ||     4
  Use: Potion            |       |     1 ||     1
 Stab: Sleeping          |     7 |     1 ||     8
Armor: Skin              |     3 |    11 ||    14
Dodge: Dodged            |    85 |   152 ||   237
